 Dungeon Crawl Stone Soup version 0.24-a0-278-gefa1973 (webtiles) character file.

Game seed: 7452509513038874158

4 mhoghedin the Magician (level 1, -2/10 HPs)
             Began as a Tengu Wizard on Apr 30, 2019.
             Slain by a jackal (3 damage)
             ... on level 1 of the Dungeon.
             The game lasted 00:01:02 (242 turns).

mhoghedin the Magician (Tengu Wizard)                Turns: 242, Time: 00:01:03

Health: -2/10      AC:  2    Str:  7    XL:     1   Next: 70%
Magic:  4/5        EV: 12    Int: 18    God:
Gold:   7          SH:  0    Dex: 12    Spells: 5/6 levels left

rFire    . . .     SeeInvis .   c - +0 club
rCold    . . .     Gourm    .   (no shield)
rNeg     . . .     Faith    .   a - +0 robe
rPois    .         Spirit   .   b - +0 hat
rElec    .         Reflect  .   (no cloak)
rCorr    .         Harm     .   (no gloves)
MR       .....                  (boots unavailable)
Stlth    ++........             (no amulet)
HPRegen  0.03/turn              (no ring)
MPRegen  0.09/turn              (no ring)

@: no status effects
A: beak, talons 3
a: no special abilities


You were on level 1 of the Dungeon.
You were not hungry.

You visited 1 branch of the dungeon, and saw 1 of its levels.

You collected 7 gold pieces.

Inventory:

Hand Weapons
 c - a +0 club (weapon)
   (You took it off a hobgoblin on level 1 of the Dungeon)
Missiles
 f - 2 javelins (quivered)
Armour
 a - a +0 robe (worn)
 b - a +0 hat (worn)
Scrolls
 e - 2 scrolls of immolation {unknown}
Comestibles
 d - a ration


   Skills:
 - Level 2.1 Dodging
 - Level 2.0 Stealth
 - Level 3.0 Spellcasting
 + Level 2.3 Conjurations
   Level 1.2 Summonings
   Level 0.7 Translocations


You had 5 spell levels left.
You knew the following spells:

 Your Spells              Type           Power        Failure   Level  Hunger
a - Magic Dart            Conj           ##..         6%          1    None

Your spell library contained the following spells:

 Spells                   Type           Power        Failure   Level  Hunger
 Call Imp                 Summ           #.......     16%         2    ##.....
 Blink                    Tloc           N/A          19%         2    ##.....
 Slow                     Hex            #.......     24%         2    ##.....
 Conjure Flame            Conj/Fire      #.......     30%         3    ###....
 Mephitic Cloud           Conj/Pois/Air  #.......     34%         3    ###....


Dungeon Overview and Level Annotations

Branches:
Dungeon (1/15)

Altars:


Innate Abilities, Weirdness & Mutations

You have a beak for a mouth.
You have claws for feet.


Message History

You see here a hobgoblin corpse.
Wield which item (- for none, * to show all)? (? for menu, Esc to quit)
c - a +0 club (weapon)
You start resting.
MP restored: 5
e - 2 scrolls labeled IGHEVI KANNE A frilled lizard comes into view.
Aim: a frilled lizard The magic dart hits the frilled lizard.
You kill the frilled lizard!
You now have 4/5 mp.
You can't see any susceptible monsters within range! (Use Z to cast anyway.) Unknown command.
Unknown command.
Unknown command.
A frilled lizard comes into view.
You see here 7 gold pieces.
Aim: a frilled lizard (resting)
The magic dart hits the frilled lizard.
You kill the frilled lizard!
Your Conjurations skill increases to level 2!
You now have 3/5 mp.
You start resting.
MP restored: 5 You now have 7 gold pieces.
A bat comes into view.
A bat is nearby!
Aim: a bat (resting)
The magic dart hits the bat.
The bat hits you but does no damage. x2
You now have 4/5 mp.
You hit the bat.
You kill the bat!
No target in view!
No target in view!
You see here a hobgoblin corpse.
You see here 5 javelins.
A goblin comes into view. It is wielding a +0 club.
MP restored: 5 A goblin is nearby!
Aim: a goblin, wielding a +0 club (resting)
The magic dart hits the goblin.
The goblin shouts!
You now have 4/5 mp.
Aim: a goblin, wielding a +0 club (heavily wounded)
The magic dart hits the goblin.
You now have 3/5 mp.
Aim: a goblin, wielding a +0 club (severely wounded)
The magic dart hits the goblin.
You kill the goblin!
You now have 2/5 mp.
You see here 5 javelins.
f - 5 javelins You start resting.
MP restored: 5 You see here a +0 club.
You see here a +0 club.
A jackal comes into view.
A jackal is nearby!
Aim: a jackal (resting)
The magic dart hits the jackal.
The jackal barks!
You hear a bark!
A jackal comes into view.
You now have 4/5 mp.
Aim: a jackal (moderately wounded)
The magic dart hits the jackal but does no damage.
You now have 3/5 mp.
A jackal comes into view.
The jackal completely misses you.
Throwing (i - inventory)
f - 5 javelins (quivered)
Aim: a jackal You throw a javelin.
The javelin hits the jackal but does no damage.
The jackal bites you. The jackal closely misses you.
You take 2 damage, and have 8/10 hp.
Throwing (i - inventory)
f - 4 javelins (quivered)
Aim: a jackal You throw a javelin.
The jackal barks!
The javelin hits the jackal.
The jackal bites you. The jackal closely misses you.
You take 3 damage, and have 5/10 hp.
MASSIVE DAMAGE!!
Throwing (i - inventory)
f - 3 javelins (quivered)
Aim: a jackal You throw a javelin.
The javelin hits the jackal but does no damage.
The jackal bites you.
* * * LOW HITPOINT WARNING * * *
The jackal barely misses you. The jackal bites you.
* * * LOW HITPOINT WARNING * * *
You take 3 damage, and have 2/10 hp.
MASSIVE DAMAGE!!
MP restored: 5
Aim: a jackal The magic dart hits the jackal.
The jackal bites you.
* * * LOW HITPOINT WARNING * * *
You take 1 damage, and have 1/10 hp.
You now have 4/5 mp.
You closely miss the jackal. You claw the jackal, but do no damage.
The jackal bites you.
You die...

.......h##..........
....................
##########.......†..
####...##..........
#.†#.#.##..........
#.##.####..........
#.......#..........
####...............
#.@hh..............
#.##.###...........
#.<#.#.#÷...######.
####...#....#
#####....# ##....#
#.....# #.....#
#....##


You could see 2 jackals.

Vanquished Creatures
  A goblin (D:1)
  A hobgoblin (D:1)
  A bat (D:1)
  2 frilled lizards (D:1)
5 creatures vanquished.

Notes
Turn   | Place    | Note
-------+----------+-------------------------------------------
     0 | D:1      | mhoghedin the Tengu Wizard began the quest for the Orb.
     0 | D:1      | Reached XP level 1. HP: 10/10 MP: 5/5
    74 | D:1      | Reached skill level 2 in Conjurations
   240 | D:1      | HP: 2/10 [jackal (1)]
   242 | D:1      | Slain by a jackal

Levels and vault maps discovered:
D:1:      onia_arrival_mini_spirals, layout_basic, hangedman_feature_mirror,
          minmay_misc_feat_four_crosses

Skill      XL: |  1 |
---------------+----+-----
Conjurations   | 2 |  2.3
Dodging        | |  2.1
Stealth        | |  2.0
Spellcasting   | |  3.0
Summonings     | |  1.2
Translocations | |  0.7

Action                   || total
-------------------------++-------
Melee: Club              ||     2
       Kick              ||     1
Throw: Javelin           ||     3
 Cast: Magic Dart        ||    14
Armor: Robe              ||     2
Dodge: Dodged            ||     4

Table legend:
 A = Non-vault XP
 B = Vault XP
 C = Vault XP percentage of total XP
 D = Non-vault monster count
 E = Vault monster count
 F = Vault count percentage of total count
                 A         B        C        D         E       F
            +---------+---------+-------+---------+---------+-------
      Total |       5 |       2 |  28.6 |       4 |       1 |  20.0
            +---------+---------+-------+---------+---------+-------
        D:1 |       5 |       2 |  28.6 |       4 |       1 |  20.0
            +---------+---------+-------+---------+---------+-------

Levels and vault maps discovered:
D:1:      onia_arrival_mini_spirals, layout_basic, hangedman_feature_mirror,
          minmay_misc_feat_four_crosses

Table legend:
 A = Turns spent in this place as a percentage of turns spent in the entire game.
 B = Non-inter-level travel turns spent in this place as a percentage of non-inter-level travel turns spent in the entire game.
 C = Inter-level travel turns spent in this place as a percentage of turns spent in this place.
 D = Turns resting spent in this place as a percentage of non-inter-level travel turns spent in this place.
 E = Turns spent auto-exploring this place as a percentage of non-inter-level travel turns spent in this place.
 F = Non-inter-level travel turns spent in this place divided by the number of levels of this place that you've seen.
                   A       B       C       D       E      F
               +-------+-------+-------+-------+-------+----------------------
         Total | 100.0 | 100.0 |   0.0 |  37.6 |  41.3 | 242.0
       Dungeon | 100.0 | 100.0 |   0.0 |  37.6 |  41.3 | 242.0
               +-------+-------+-------+-------+-------+----------------------

Table legend:
 A = Kills in this place as a percentage of kills in entire the game.
 B = Kills by you in this place as a percentage of kills by you in the entire game.
 C = Kills by friends in this place as a percentage of kills by friends in the entire game.
 D = Other kills in this place as a percentage of other kills in the entire game.
 E = Experience gained in this place as a percentage of experience gained in the entire game.
 F = Experience gained in this place divided by the number of levels of this place that you have seen.
                   A       B       C       D       E      F
               +-------+-------+-------+-------+-------+----------------------
         Total | 100.0 | 100.0 |   N/A |   N/A | 100.0 |   7.0
       Dungeon | 100.0 | 100.0 |   N/A |   N/A | 100.0 |   7.0
               +-------+-------+-------+-------+-------+----------------------
